MID
HARTFORD YARD GOATS @ HAGERSTOWN SUNS
09/23/2047
 
TOP OF THE 1ST
Hartford Yard Goats batting - Pitching for Hagerstown Suns : RHP Matt Seivert
Pitching: RHP Matt Seivert
Batting: LHB Jay Fenderson 0-0: Foul Ball, location: 2F
0-1: Called Strike
0-2: Strikes out swinging
Batting: LHB Paul McClintock 0-0: Fly out, F7 (Flyball, 78D, EV 84.4 MPH)
Batting: LHB Tim Mulholland 0-0: Foul Ball, location: 2F
0-1: Fly out, F8 (Line Drive, 8LD, EV 108.8 MPH)
Top of the 1st over - 0 runs, 0 hits, 0 errors, 0 left on base; Hartford 0 - Hagerstown 0
BOTTOM OF THE 1ST
Hagerstown Suns batting - Pitching for Hartford Yard Goats : RHP Pei Xie
Pitching: RHP Pei Xie
Batting: RHB Antonio Morado 0-0: Swinging Strike
0-1: Swinging Strike
0-2: Foul Ball, location: 2F
0-2: Ball
1-2: DOUBLE (Line Drive, 9LM, EV 87.5 MPH)
Batting: RHB John Savard 0-0: Ball
1-0: SINGLE (Groundball, 13, EV 85.6 MPH) (infield hit)
Antonio Morado to third
Batting: LHB Nate Melendez 0-0: Ball
John Savard steals 2nd base (no throw)
1-0: Ball
2-0: Ground out 4-3 (Groundball, 4, EV 87.5 MPH)
Antonio Morado scores
John Savard to third
Batting: RHB Deshawn Boseman 0-0: Ball
1-0: Ball
2-0: Foul Ball, location: 2F
2-1: Ball
3-1: Base on Balls
Batting: RHB Justin Davenport 0-0: Foul Ball, location: 2F
0-1: Ball
1-1: Ball
2-1: Ball
3-1: Swinging Strike
3-2: Fly out, F8 (Flyball, 8LM, EV 85.6 MPH)
Runner from 3rd tags up, SCORES, throw by CF
Batting: RHB Steve Bauman 0-0: Ground out 1-3 (Groundball, 13S, EV 73.1 MPH)
Bottom of the 1st over - 2 runs, 2 hits, 0 errors, 1 left on base; Hartford 0 - Hagerstown 2
TOP OF THE 2ND
Hartford Yard Goats batting - Pitching for Hagerstown Suns : RHP Matt Seivert
Batting: LHB Iehohs Inatho 0-0: Called Strike
0-1: Swinging Strike
0-2: Ball
1-2: DOUBLE (Line Drive, 9LM, EV 111.9 MPH)
Batting: LHB Jim Chalk 0-0: Foul Ball, location: 2F
0-1: Called Strike
0-2: Foul Ball, location: 2F
0-2: Foul Ball, location: 2F
0-2: Hit by Pitch
Batting: RHB Seth Daniel 0-0: Ball
1-0: Ball
Iehohs Inatho steals 3rd base
2-0: Fly out, F8 (Flyball, 8LM, EV 88.8 MPH)
Runner from 3rd tags up, OUT at HOME! 8-2
Jim Chalk to second
Batting: SHB Jerry Massey 0-0: Swinging Strike
0-1: Ball
1-1: Swinging Strike
1-2: Ball
2-2: Ball
3-2: Strikes out swinging
Top of the 2nd over - 0 runs, 1 hit, 0 errors, 1 left on base; Hartford 0 - Hagerstown 2
BOTTOM OF THE 2ND
Hagerstown Suns batting - Pitching for Hartford Yard Goats : RHP Pei Xie
Batting: LHB Bobby Adams 0-0: Ball
1-0: Ball
2-0: Ball
3-0: Base on Balls
Batting: RHB Jim Towle 0-0: Called Strike
0-1: Fly out, F8 (Flyball, 8RD, EV 89.4 MPH)
Batting: RHB Derek Moran 0-0: Ball
1-0: DOUBLE (Line Drive, 89D, EV 105.6 MPH)
Bobby Adams to third
Runner from 3rd tries for Home, SAFE, throw by CF to trailing runner, SAFE at third!
Batting: RHB Antonio Morado 0-0: Called Strike
0-1: Ground out 6-3 (Groundball, 56, EV 103.1 MPH)
Derek Moran scores
Batting: RHB John Savard 0-0: Called Strike
0-1: Foul Ball, location: 2F
0-2: Ball
1-2: Ball
2-2: Fly out, F5 (Line Drive, 56, EV 66.2 MPH)
Bottom of the 2nd over - 2 runs, 1 hit, 0 errors, 0 left on base; Hartford 0 - Hagerstown 4
TOP OF THE 3RD
Hartford Yard Goats batting - Pitching for Hagerstown Suns : RHP Matt Seivert
Batting: RHB Peter Wheeler 0-0: Called Strike
0-1: SINGLE (Line Drive, 6M, EV 95.6 MPH)
Batting: RHB Pei Xie 0-0: Called Strike
0-1: Foul Ball, location: 2F
0-2: Ball
1-2: Strikes out swinging
Batting: LHB Jay Fenderson 0-0: Called Strike
0-1: Ball
1-1: Ball
2-1: Fielders Choice at 2nd, 4-6 (Groundball, 4D, EV 86.9 MPH)
Batting: LHB Paul McClintock Pickoff Play to 1st, Runner tries for 2nd, OUT after rundown.
Top of the 3rd over - 0 runs, 1 hit, 0 errors, 0 left on base; Hartford 0 - Hagerstown 4
BOTTOM OF THE 3RD
Hagerstown Suns batting - Pitching for Hartford Yard Goats : RHP Pei Xie
Batting: LHB Nate Melendez 0-0: Swinging Strike
0-1: Fly out, F7 (Line Drive, 7S, EV 95.6 MPH)
Batting: RHB Deshawn Boseman 0-0: Reached on error, E6 (Groundball, 6, EV 101.9 MPH)
Batting: RHB Justin Davenport 0-0: Swinging Strike
0-1: Foul Ball, location: 2F
0-2: Strikes out swinging
Batting: RHB Steve Bauman 0-0: Ground out 3-1 (Groundball, 34, EV 100.6 MPH)
Bottom of the 3rd over - 0 runs, 0 hits, 1 error, 1 left on base; Hartford 0 - Hagerstown 4
TOP OF THE 4TH
Hartford Yard Goats batting - Pitching for Hagerstown Suns : RHP Matt Seivert
Batting: LHB Paul McClintock 0-0: Ball
1-0: Called Strike
1-1: Foul Ball, location: 2F
1-2: Strikes out swinging
Batting: LHB Tim Mulholland 0-0: Ball
1-0: Called Strike
1-1: Swinging Strike
1-2: Strikes out swinging
Batting: LHB Iehohs Inatho 0-0: Called Strike
0-1: Ball
1-1: Called Strike
1-2: Strikes out looking
Top of the 4th over - 0 runs, 0 hits, 0 errors, 0 left on base; Hartford 0 - Hagerstown 4
BOTTOM OF THE 4TH
Hagerstown Suns batting - Pitching for Hartford Yard Goats : RHP Pei Xie
Batting: LHB Bobby Adams 0-0: Ball
1-0: SINGLE (Line Drive, 89M, EV 111.2 MPH)
Batting: RHB Jim Towle 0-0: Foul Ball, location: 2F
0-1: Swinging Strike
0-2: Ball
1-2: Ball
2-2: Ball
3-2: Foul Ball, location: 2F
3-2: Base on Balls
Bobby Adams to second
Batting: RHB Derek Moran 0-0: Ball
1-0: Called Strike
1-1: Foul Ball, location: 2F
1-2: Ball
2-2: Grounds into double play, 5-4-3 (Groundball, 56, EV 105.6 MPH)
Bobby Adams to third
Batting: RHB Antonio Morado 0-0: Called Strike
0-1: Ball
1-1: Called Strike
1-2: Foul Ball, location: 2F
1-2: Strikes out swinging
Bottom of the 4th over - 0 runs, 1 hit, 0 errors, 1 left on base; Hartford 0 - Hagerstown 4
TOP OF THE 5TH
Hartford Yard Goats batting - Pitching for Hagerstown Suns : RHP Matt Seivert
Batting: LHB Jim Chalk 0-0: Fly out, F6 (Line Drive, 6, EV 73.8 MPH)
Batting: RHB Seth Daniel 0-0: Ball
1-0: Foul Ball, location: 2F
1-1: Foul Ball, location: 2F
1-2: Ball
2-2: Ball
3-2: Ground out 6-3 (Groundball, 6M, EV 80.6 MPH)
Batting: SHB Jerry Massey 0-0: Swinging Strike
0-1: Swinging Strike
0-2: Ball
1-2: Strikes out swinging
Top of the 5th over - 0 runs, 0 hits, 0 errors, 0 left on base; Hartford 0 - Hagerstown 4
BOTTOM OF THE 5TH
Hagerstown Suns batting - Pitching for Hartford Yard Goats : RHP Pei Xie
Batting: RHB John Savard 0-0: Ball
1-0: Ball
2-0: Called Strike
2-1: Ball
3-1: Foul Ball, location: 2F
3-2: Foul Ball, location: 2F
3-2: Ground out 2-3 (Groundball, 2L, EV 72.5 MPH)
Batting: LHB Nate Melendez 0-0: Ball
1-0: Ball
2-0: Ground out 4-3 (Groundball, 34, EV 90.6 MPH)
Batting: RHB Deshawn Boseman 0-0: Ball
1-0: Called Strike
1-1: Ground out 3-1 (Groundball, 34, EV 76.9 MPH)
Bottom of the 5th over - 0 runs, 0 hits, 0 errors, 0 left on base; Hartford 0 - Hagerstown 4
TOP OF THE 6TH
Hartford Yard Goats batting - Pitching for Hagerstown Suns : RHP Matt Seivert
Batting: RHB Peter Wheeler 0-0: Ball
1-0: Foul Ball, location: 2F
1-1: Ground out 6-3 (Groundball, 6, EV 78.8 MPH)
Batting: RHB Pei Xie 0-0: Ball
1-0: Foul Ball, location: 2F
1-1: Called Strike
1-2: Foul Ball, location: 2F
1-2: Strikes out swinging
Batting: LHB Jay Fenderson 0-0: Ball
1-0: Ball
2-0: Ground out 5-3 (Groundball, 56, EV 88.8 MPH)
Top of the 6th over - 0 runs, 0 hits, 0 errors, 0 left on base; Hartford 0 - Hagerstown 4
BOTTOM OF THE 6TH
Hagerstown Suns batting - Pitching for Hartford Yard Goats : RHP Pei Xie
Batting: RHB Justin Davenport 0-0: Ball
1-0: Ball
2-0: DOUBLE (Line Drive, 89D, EV 101.2 MPH)
Batting: RHB Steve Bauman 0-0: Ball
1-0: Ball
2-0: Ground out 4-3 (Groundball, 4, EV 91.2 MPH)
Justin Davenport to third
Batting: LHB Bobby Adams 0-0: Swinging Strike
0-1: Ball
1-1: SINGLE (Groundball, 4MD, EV 102.5 MPH)
Justin Davenport scores
Pitching: RHP Javy Arias
Batting: RHB Jim Towle 0-0: 2-RUN HOME RUN (Flyball, 8LXD, EV 116.2 MPH), Distance : 455 ft
Batting: RHB Derek Moran 0-0: Called Strike
0-1: Ball
1-1: Ball
2-1: Ball
3-1: Swinging Strike
3-2: Base on Balls
Batting: RHB Antonio Morado 0-0: Called Strike
0-1: Ball
1-1: Called Strike
1-2: Grounds into double play, 4-6-3 (Groundball, 4, EV 86.2 MPH)
Bottom of the 6th over - 3 runs, 3 hits, 0 errors, 0 left on base; Hartford 0 - Hagerstown 7
TOP OF THE 7TH
Hartford Yard Goats batting - Pitching for Hagerstown Suns : RHP Matt Seivert
Batting: LHB Paul McClintock 0-0: Foul Ball, location: 2F
0-1: Ball
1-1: Ball
2-1: Ball
3-1: Called Strike
3-2: Ground out 1-3 (Groundball, 15S, EV 70.6 MPH)
Batting: LHB Tim Mulholland 0-0: Ball
1-0: Ground out 6-3 (Groundball, 6, EV 91.9 MPH)
Batting: LHB Iehohs Inatho 0-0: Foul Ball, location: 2F
0-1: Ball
1-1: Swinging Strike
1-2: Strikes out swinging
Top of the 7th over - 0 runs, 0 hits, 0 errors, 0 left on base; Hartford 0 - Hagerstown 7
BOTTOM OF THE 7TH
Hagerstown Suns batting - Pitching for Hartford Yard Goats : RHP Javy Arias
Batting: RHB John Savard 0-0: Ball
1-0: Fly out, F7 (Flyball, 7LM, EV 96.2 MPH)
Batting: LHB Nate Melendez 0-0: Fly out, F8 (Flyball, 8LD, EV 81.2 MPH)
Batting: RHB Deshawn Boseman 0-0: Ball
1-0: Called Strike
1-1: Foul Ball, location: 2F
1-2: Fly out, F6 (Popup, 6M, EV 77.5 MPH)
Bottom of the 7th over - 0 runs, 0 hits, 0 errors, 0 left on base; Hartford 0 - Hagerstown 7
TOP OF THE 8TH
Hartford Yard Goats batting - Pitching for Hagerstown Suns : RHP Matt Seivert
Batting: LHB Jim Chalk 0-0: Ball
1-0: Ground out 6-3 (Groundball, 6, EV 88.8 MPH)
Batting: RHB Seth Daniel 0-0: Foul Ball, location: 2F
0-1: Ball
1-1: Foul Ball, location: 2F
1-2: Ball
2-2: Ground out U3 (Groundball, 34, EV 84.4 MPH)
Batting: SHB Jerry Massey 0-0: Ball
1-0: Fly out, F8 (Line Drive, 8LM, EV 90.0 MPH)
Top of the 8th over - 0 runs, 0 hits, 0 errors, 0 left on base; Hartford 0 - Hagerstown 7
BOTTOM OF THE 8TH
Hagerstown Suns batting - Pitching for Hartford Yard Goats : RHP Javy Arias
Batting: RHB Justin Davenport 0-0: Ball
1-0: Ball
2-0: Ball
3-0: Called Strike
3-1: Called Strike
3-2: Strikes out looking
Batting: RHB Steve Bauman 0-0: Ball
1-0: Fly out, F9 (Line Drive, 9S, EV 95.0 MPH)
Batting: LHB Bobby Adams 0-0: Foul Ball, location: 2F
0-1: Ball
1-1: Ground out 3-1 (Groundball, 34, EV 90.6 MPH)
Bottom of the 8th over - 0 runs, 0 hits, 0 errors, 0 left on base; Hartford 0 - Hagerstown 7
TOP OF THE 9TH
Hartford Yard Goats batting - Pitching for Hagerstown Suns : RHP Matt Seivert
Pitching: RHP Salvador Medina
Batting: RHB Peter Wheeler 0-0: Ball
1-0: Called Strike
1-1: Ball
2-1: Ball
3-1: Swinging Strike
3-2: Foul Ball, location: 2F
3-2: Foul Ball, location: 2F
3-2: Base on Balls
Batting: LHB Chris Morgan 0-0: Called Strike
0-1: Ball
1-1: Called Strike
1-2: Ball
2-2: Foul Ball, location: 2F
2-2: Ball
3-2: Strikes out looking
Batting: LHB Jay Fenderson 0-0: Ball
1-0: Ball
2-0: Ball
3-0: Called Strike
3-1: Base on Balls
Peter Wheeler to second
Batting: LHB Paul McClintock 0-0: Ball
1-0: Fly out, F9 (Flyball, 89M, EV 95.6 MPH)
Batting: LHB Tim Mulholland 0-0: Ball
1-0: Ball
2-0: Ball
3-0: Called Strike
3-1: Base on Balls
Peter Wheeler to third
Jay Fenderson to second
Batting: LHB Iehohs Inatho 0-0: Ball
1-0: Foul Ball, location: 2F
1-1: Hit by Pitch
Peter Wheeler scores
Jay Fenderson to third
Tim Mulholland to second
Batting: LHB Jim Chalk 0-0: Called Strike
0-1: Foul Ball, location: 2F
0-2: Strikes out swinging
Top of the 9th over - 1 run, 0 hits, 0 errors, 3 left on base; Hartford 1 - Hagerstown 7
Thursday, December 15th , 2022 - OOTP Baseball 23.9 Build 102